 Dungeon Crawl Stone Soup version 0.31-a0-844-gdc52ec4e09 (webtiles) character file.

Game seed: 9338343559669299429

9037 Kurtz the Cleaver (level 11, 0/105 HPs)
             Began as an Octopode Fighter on Sept 30, 2023.
             Was a Believer of Okawaru.
             Slain by a cyan ugly thing (12 damage)
             ... on level 11 of the Dungeon.
             The game lasted 00:14:32 (12270 turns).

Kurtz the Cleaver (Octopode Fighter)               Turns: 12270, Time: 00:14:33

Health: 0/105      AC:  5    Str: 22    XL:     11   Next: 40%
Magic:  12/12      EV: 17    Int: 12    God:    Okawaru [**....]
Gold:   563        SH:  9    Dex: 15    Spells: 10/10 levels left

rFire   . . .        A - +2 war axe (freeze)
rCold   . . .        b - +3 warlock's mirror {omnireflect}
rNeg    + . .        (helmet restricted)
rPois   .            (no amulet)
rElec   .            d - +6 ring of strength
rCorr   .            e - ring of see invisible
SInv    +            j - +6 ring of strength
Will    .....        s - ring of Gogait {rN+ AC+4 Str-5 Slay+3} Stlth
                     L - ring of flight
HPRegen 0.37/turn    (no ring)
MPRegen 0.13/turn    (no ring)
                     (no ring)

%: reflection
@: mighty, berserking, flying, very quick
A: almost no armour, amphibious, 8 rings, camouflage 1, gelatinous body 1,
(nimble swimmer 1), tentacles
a: Renounce Religion, Heroism


You were on level 11 of the Dungeon.
You worshipped Okawaru.
Okawaru was pleased with you.
You visited 2 branches of the dungeon, and saw 12 of its levels.

You collected 618 gold pieces.
You spent 55 gold pieces at shops.

Inventory:

Hand Weapons
 q - a +0 broad axe
 A - a +2 war axe of freezing (weapon)
Missiles
 v - 4 curare-tipped darts
 z - 28 poisoned darts
Armour
 b - the +3 warlock's mirror (worn) {omnireflect}
   (You acquired it on level 11 of the Dungeon)

   Omnireflect: It can block and reflect piercing ranged attacks and magical
   attacks against the wielder's willpower.
 w - a +1 tower shield
 M - a +2 buckler of poison resistance
Jewellery
 d - a +6 ring of strength (left tentacle)
 e - a ring of see invisible (right tentacle)
 j - a +6 ring of strength (on tentacle)
 s - the ring of Gogait (on tentacle) {rN+ AC+4 Str-5 Slay+3}
   (You took it off an orc on level 5 of the Dungeon)

   [ring of protection]

   AC+4:      It affects your AC (+4).
   Str-5:     It affects your strength (-5).
   Slay+3:    It affects your accuracy & damage with ranged weapons and melee
   (+3).
   rN+:       It protects you from negative energy.
 L - a ring of flight (on tentacle)
Wands
 E - a wand of paralysis (5) (quivered)
 J - a wand of acid (4)
Scrolls
 f - 3 scrolls of fog
 g - 3 scrolls of enchant armour
 h - 2 scrolls of acquirement
 k - a scroll of immolation
 m - a scroll of butterflies
 t - a scroll of amnesia
 u - 2 scrolls of noise
 y - a scroll of silence
 F - a scroll of teleportation {unknown}
 I - a scroll of enchant weapon {unknown}
Potions
 a - a potion of invisibility {unknown}
 c - a potion of might
 i - 3 potions of haste {unknown}
 n - a potion of mutation {unknown}
 o - 3 potions of ambrosia {unknown}
 p - a potion of brilliance {unknown}
 C - 2 potions of heal wounds
 D - 3 potions of curing {unknown}
 G - 2 potions of cancellation {unknown}
 K - a potion of lignification {unknown}
 N - a potion of attraction {unknown}
 O - a potion of magic {unknown}


   Skills:
 - Level 4.8 Fighting
 - Level 13.1 Axes
 * Level 8.7 Dodging
 - Level 7.8 Shields
 - Level 2.4 Invocations


You had 10 spell levels left.
You didn't know any spells.
Your spell library contained the following spells:

 Spells                   Type           Power      Damage    Failure   Level
 Blink                    Tloc           0%         N/A       50%         2
 Cigotuvi's Dreadful Rot  Necr/Pois/Air  0%         N/A       50%         2
 Lesser Beckoning         Tloc           0%         N/A       50%         2
 Momentum Strike          Conj/Tloc      0%         3d8       50%         2
 Ignite Poison            Fire/Tmut/Pois 0%         N/A       75%         3
 Inner Flame              Hex/Fire       0%         N/A       75%         3
 Ozocubu's Armour         Ice            0%         N/A       75%         3
 Dimensional Bullseye     Hex/Tloc       0%         N/A       98%         4
 Iskenderun's Mystic Bla  Conj/Tloc      0%         2d3       98%         4
 Freezing Cloud           Conj/Ice/Air   0%         6-21      100%        5
 Metabolic Englaciation   Hex/Ice        0%         N/A       100%        5
 Yara's Violent Unravell  Hex/Tmut       0%         3d3       100%        5
 Enfeeble                 Hex            0%         N/A       100%        7
 Tukima's Dance           Hex            Unusable   N/A       N/A         3
 Simulacrum               Ice/Necr       Unusable   N/A       N/A         6

Dungeon Overview and Level Annotations

Branches:
Dungeon (11/15)            Temple (1/1) D:6            Lair (0/5) D:11
    Orc: D:9-12

Altars:
Ashenzari
Cheibriados
Dithmenos
Elyvilon
Fedhas
Gozag
Hepliaklqana
Kikubaaqudgha
Makhleb
Nemelex Xobeh
Okawaru
Qazlal
Ru
Sif Muna
Trog
Uskayaw
Vehumet
Wu Jian
Xom
Yredelemnul
Zin
The Shining One

Shops:
D:3 (!?=[   D:10 *

Portals:
Ice
Cave: D:11

Annotations:
D:3 2 transporters
D:4 1 runed translucent door, Age's ghost, amateur MiHu
D:10 exclusion: 2 downstairs


Innate Abilities, Weirdness & Mutations

You cannot wear most types of armour.
You are amphibious.
You can wear up to eight rings at the same time.
Your skin changes colour to match your surroundings (Stealth+).
Your rubbery body absorbs attacks. (AC +1, EV +1)
((You are camouflaged when in or above water. (Stealth+)))
You have tentacles for arms and can constrict up to eight enemies at once.


Message History

The white imp gestures at you. The puff of frost hits you!
The white imp gestures at you. The puff of frost hits you!
* * * LOW HITPOINT WARNING * * *
The white imp barely misses you. The white imp closely misses you.
You slash the white imp! You freeze the white imp.
You kill the white imp!
Okawaru accepts your kill.
You closely miss the white imp.
Unknown command.
You slash the white imp!
You kill the white imp!
Okawaru accepts your kill.
The white imp shouts!
Something shouts, "Quit, thou bawdy roguish fustilarian!"
The white imp gestures at you. The puff of frost misses you.
Things that are here:
a +0 dagger; a +0 robe of resistance You closely miss the white imp.
You grab the white imp. You squeeze the white imp.
The white imp is moderately wounded.
You constrict the white imp. The white imp closely misses you.
Unknown command.
You release your grip on the white imp.
The white imp gestures at you. The puff of frost misses you.
Things that are here:
a +0 dagger; a +0 robe of resistance A red film seems to cover your vision as you go berserk!
You feel yourself moving faster!
You feel mighty!
You slice the white imp!!
You kill the white imp!
Okawaru accepts your kill.
You slash the cyan ugly thing! You freeze the cyan ugly thing.
The cyan ugly thing tail-slaps you!
* * * LOW HITPOINT WARNING * * *
The cyan ugly thing shocks you!
You die...

,,,,,,,,,,,,,,,,,,5.5....,,******
,,,,,,,,,,,,,,,,,,u.....,,,,,,,,,
,,,,,,,,,..#*****,,....*******,,,
*********#.# *,,5..#* *,** #.#
*,,...# *,* #.# *,,...# *,**
##########.########..#####****,,,
..........................,,,,,,,
%...............@u........,,,,,,,
................##########***,,**
................# *,,*
................#************,,*
....................,,,,,,,,,,,**
....................,,,,,,,,,,,,,
......!..........(...,,,,,,,,,,,,
#################....,,,,,^,,,,,,
## *.%..,,,,,,,,,,,,


You could see a cyan ugly thing.

Vanquished Creatures
  A centaur warrior (D:11)
  Nergalle (D:11)
  Grinder (D:5)
  2 hornets
  Sigmund (D:2)
  4 slime creatures (D:8)
  2 wyverns
  16 yaks
  2 steam dragons
  2 acid dragons
  3 water moccasins
  An ice beast (D:5)
  2 orc warriors
  A black bear (D:4)
  5 ogres
  4 centaurs
  3 kobold brigands
  3 bullfrogs
  A scorpion (D:7)
  11 killer bees
  3 howler monkeys
  2 jellies
  2 hounds
  2 orc priests
  9 orc wizards
  3 iguanas
  Natasha (thrice) (D:2)
  Robin (D:2)
  15 gnolls
  6 adders
  14 white imps
  An ufetubus (D:6)
  2 worms
  2 dart slugs
  26 orcs
  7 ball pythons
  11 endoplasms
  2 giant cockroaches
  18 goblins
  10 hobgoblins
  6 jackals (D:3)
  24 kobolds
  5 quokkas
  2 bats (D:1)
  3 frilled lizards
  22 rats
267 creatures vanquished.

Notes
Turn   | Place    | Note
-------+----------+-------------------------------------------
     0 | D:1      | Kurtz the Octopode Fighter began the quest for the Orb.
     0 | D:1      | Reached XP level 1. HP: 16/16 MP: 1/1
   158 | D:1      | Reached XP level 2. HP: 17/21 MP: 2/2
   229 | D:1      | Reached skill level 3 in Axes
   374 | D:1      | Reached XP level 3. HP: 23/26 MP: 3/3
   889 | D:2      | Noticed Sigmund
   985 | D:3      | Found Xoumytz's Antique Armour Emporium.
  1095 | D:3      | Found Roticoxt's Distillery.
  1102 | D:3      | Reached skill level 4 in Axes
  1104 | D:3      | Bought a potion of berserk rage for 55 gold pieces
  1114 | D:3      | Reached XP level 4. HP: 7/31 MP: 4/4
  1310 | D:3      | Found a transporter.
  1394 | D:3      | Reached skill level 5 in Axes
  1394 | D:3      | Reached XP level 5. HP: 24/36 MP: 5/5
  1560 | D:3      | Found Kovuc's Jewellery Shoppe.
  1597 | D:3      | Found a transporter.
  1597 | D:3      | Found Ethit's Antique Weapon Shop.
  1647 | D:3      | Found Sebom's Magic Scroll Shop.
  2294 | D:4      | Noticed an ogre
  2299 | D:4      | Killed an ogre
  2300 | D:4      | Reached skill level 6 in Axes
  2300 | D:4      | Reached XP level 6. HP: 42/42 MP: 6/6
  2344 | D:4      | Found a bloodstained altar of Trog.
  2583 | D:4      | Found a runed translucent door.
  2592 | D:4      | Noticed Age's ghost (amateur MiHu)
  2742 | D:4      | Reached skill level 7 in Axes
  2823 | D:4      | Reached XP level 7. HP: 15/46 MP: 7/7
  3294 | D:5      | Entered Level 5 of the Dungeon
  3299 | D:5      | Noticed Grinder
  3300 | D:5      | Paralysed by Grinder for 3 turns
  3305 | D:5      | Paralysed by Grinder for 3 turns
  3566 | D:5      | Killed Grinder
  3567 | D:5      | Reached skill level 8 in Axes
  3637 | D:5      | Found a shadowy altar of Dithmenos.
  3638 | D:5      | Identified the ring of Gogait {rN+ AC+4 Str-5 Slay+3}
  3776 | D:5      | Reached skill level 9 in Axes
  3776 | D:5      | Reached XP level 8. HP: 4/52 MP: 8/8
  4163 | D:5      | Found a glowing golden altar of the Shining One.
  4191 | D:5      | Found a sparkling altar of Nemelex Xobeh.
  4765 | D:6      | Found an ornate altar of the Wu Jian Council.
  4787 | D:6      | Noticed a spectral centipede
  4787 | D:6      | Noticed a spectral black mamba
  4968 | D:6      | Found a hazy altar of Hepliaklqana.
  4991 | D:6      | Reached skill level 10 in Axes
  5303 | D:6      | Found a hide-covered altar of Uskayaw.
  6030 | D:8      | Reached XP level 9. HP: 58/58 MP: 9/9
  6345 | D:8      | Found a blossoming altar of Fedhas.
  6357 | D:8      | Found an ancient bone altar of Kikubaaqudgha.
  6582 | D:8      | Reached skill level 5 in Shields
  6688 | D:8      | Found a snail-covered altar of Cheibriados.
  6969 | D:8      | Reached skill level 11 in Axes
  8523 | D:9      | Noticed a hornet
  8529 | D:9      | Killed a hornet
  8533 | D:9      | Reached skill level 12 in Axes
  8533 | D:9      | Reached XP level 10. HP: 60/64 MP: 10/10
  9278 | D:6      | Found a staircase to the Ecumenical Temple.
  9304 | Temple   | Entered the Ecumenical Temple
  9310 | Temple   | Became a worshipper of Warmaster Okawaru
  9473 | D:2      | Noticed Natasha
  9477 | D:2      | Killed Natasha
  9507 | D:2      | Noticed Robin
  9528 | D:2      | Killed Robin
  9769 | D:2      | Noticed Natasha
  9774 | D:2      | Killed Natasha
  9840 | D:2      | Killed Sigmund
  9885 | D:2      | Noticed Natasha
  9889 | D:2      | Killed Natasha
 10408 | D:9      | Reached skill level 1 in Invocations
 10427 | D:9      | Reached * piety under Okawaru
 10564 | D:9      | Reached skill level 13 in Axes
 11349 | D:10     | Entered Level 10 of the Dungeon
 11390 | D:10     | Found a burning altar of Makhleb.
 11433 | D:10     | Found Buz Itz's Mail-Order Catalogue.
 11622 | D:10     | Reached skill level 5 in Dodging
 11630 | D:10     | Reached ** piety under Okawaru
 11631 | D:10     | Reached XP level 11. HP: 42/70 MP: 12/12
 11976 | D:11     | Noticed a centaur warrior
 11982 | D:11     | Noticed a brown ugly thing
 11985 | D:11     | Killed a centaur warrior
 12170 | D:11     | Identified 3 scrolls of acquirement
 12170 | D:11     | Acquired the +3 warlock's mirror {omnireflect}
 12170 | D:11     | Found the +3 warlock's mirror {omnireflect}
 12216 | D:11     | Noticed Nergalle
 12224 | D:11     | Noticed a cyan ugly thing
 12233 | D:11     | Killed Nergalle
 12236 | D:11     | Found a frozen archway.
 12237 | D:11     | Noticed a green ugly thing
 12239 | D:11     | HP: 2/70 [cyan ugly thing (17)]
 12270 | D:11     | Slain by a cyan ugly thing

Illustrated notes

Levels and vault maps discovered:
D:1:      lightli_arrival_maybe_door_vault, layout_basic
D:2:      layout_basic, minmay_rat_hole, uniq_sigmund, uniq_natasha, uniq_robin
D:3:      layout_basic, serial_shops, nicolae_shop_advertising_works
          [nicolae_subvault_shop_adworks], shop, nicolae_lakefront_shop, shop,
          nicolae_shop_drivethru
D:4:      layout_gridville, mainiacjoe_overflow_alcove_2, ebering_ghost_sewer_d,
          grunt_ministairs_6, minmay_circle_x
D:5:      layout_rooms, nemelex_spade_bored_becter, grunt_dithmenos_smoke,
          lemuel_coloured_pillars_altar, uniq_grinder
D:6:      layout_layer_cave, pdpol_wu_jian_five_deadly_venoms,
          mainiacjoe_overflow_brackets, amcnicky_altar_gilded, temple_pool_b
D:7:      layout_rooms, nicolae_figureground_sparkle
D:8:      layout_basic, nicolae_overflow_crystal_walls,
          overflow_temple_1_default, mainiacjoe_overflow_six_doors_small,
          chequers_serial_rivers_micro_b
D:9:      layout_gridville
D:10:     layout_roguey, kennysheep_little_box, monkooky_shop_mail_order
D:11:     layout_long_grid, david_lair_shrubbed, portal_ice_cave_entry_imps,
          enter_trove_3, nicolae_have_a_lightning_rod, uniq_nergalle
Temple:   nicolae_temple_bog_church

Skill      XL: |  1  2  3  4  5  6  7  8  9 10 11 |
---------------+----------------------------------+-----
Axes           | 3 4 5 6 7 9 10 12 13 | 13.1
Fighting       | 4 |  4.8
Shields        | 6 7 |  7.8
Invocations    | 2 |  2.4
Dodging        | 5 8 |  8.7

Action                     |  1- 3 |  4- 6 |  7- 9 | 10-12 || total
---------------------------+-------+-------+-------+-------++-------
  Melee: War axe           |    59 |    69 |   158 |   203 ||   489
         Constrict         |    13 |    16 |    34 |    26 ||    89
         Tentacles         |     4 |    10 |    28 |    42 ||    84
         Punch             |     1 |     2 |     3 |     3 ||     9
         Broad axe         |       |       |     6 |       ||     6
  Throw: Dart              |       |       |    17 |     1 ||    18
 Invoke: Heroism           |       |       |       |     2 ||     2
  Evoke: Wand              |       |       |     4 |     3 ||     7
    Use: Potion            |       |     2 |     1 |     3 ||     6
         Scroll            |       |       |       |    12 ||    12
   Stab: Sleeping          |    10 |     4 |     4 |     6 ||    24
         Paralysed         |       |       |     1 |     1 ||     2
         Distracted        |       |       |       |     1 ||     1
 Armour: Skin              |    24 |    29 |   106 |    60 ||   219
  Dodge: Dodged            |    31 |    36 |    74 |    70 ||   211
  Block: Buckler           |    12 |    15 |    27 |    19 ||    73
         Tower shield      |       |       |    36 |    96 ||   132
         Reflection        |       |       |       |     1 ||     1

Table legend: (Time is in decaauts)
 A = Elapsed time spent in this place.
 B = Non-inter-level travel time spent in this place.
 C = Inter-level travel time spent in this place.
 D = Time resting spent in this place.
 E = Time spent auto-exploring this place.
 F = Levels seen in this place.
 G = Mean time per level.
                   A        B        C        D        E       F      G
               +--------+--------+--------+--------+--------+-----+--------+
         Total |  12353 |  11469 |    884 |   3224 |   6137 |  12 | 1029.4 |
       Dungeon |  12340 |  11462 |    878 |   3224 |   6137 |  11 | 1121.8 |
        Temple |     12 |      6 |      6 |      0 |      0 |   1 |   12.0 |
               +--------+--------+--------+--------+--------+-----+--------+

Top non-repeatable levels by time:
     D:8: 2453 daAuts
     D:4: 1538 daAuts
     D:3: 1378 daAuts
     D:6: 1349 daAuts
     D:9: 1145 daAuts
     D:5: 1004 daAuts
     D:1: 860 daAuts
     D:2: 858 daAuts
     D:7: 844 daAuts
    D:10: 775 daAuts
    D:11: 133 daAuts
  Temple: 12 daAuts
